PAA
CRESCENT CITY KREWE @ WESTWOOD SIXSHOOTERS
05/02/2042
 
TOP OF THE 1ST
Crescent City Krewe batting - Pitching for Westwood Sixshooters : RHP Rio Dring
Pitching: RHP Rio Dring
Batting: RHB Hal Phillips 0-0: Ball
1-0: Called Strike
1-1: SINGLE (Groundball, 3D, EV 103.8 MPH)
Batting: RHB Norbert Schalk 0-0: Called Strike
0-1: Fielders Choice at 2nd, 5-4 (Groundball, 56, EV 105.0 MPH)
Batting: LHB Dustin Damitz 0-0: Ball
1-0: Called Strike
1-1: Ball
2-1: Fly out, F8 (Line Drive, 8LD, EV 88.1 MPH)
Batting: LHB José Soriano 0-0: Ball
1-0: Called Strike
1-1: Foul Ball, location: 2F
1-2: Foul Ball, location: 2F
1-2: Foul Ball, location: 2F
1-2: Strikes out swinging
Top of the 1st over - 0 runs, 1 hit, 0 errors, 1 left on base; Crescent City 0 - Westwood 0
BOTTOM OF THE 1ST
Westwood Sixshooters batting - Pitching for Crescent City Krewe : RHP Manny Pinto
Pitching: RHP Manny Pinto
Batting: LHB Derek Kelly 0-0: Ball
1-0: Foul Ball, location: 2F
1-1: Foul Ball, location: 2F
1-2: Ball
2-2: Ball
3-2: Foul Ball, location: 2F
3-2: DOUBLE (Line Drive, 9LM, EV 103.1 MPH)
Batting: SHB William Anderson 0-0: Ground out 4-3 (Groundball, 34D, EV 85.0 MPH)
Derek Kelly to third
Batting: RHB Illarion Podmarkov 0-0: Ball
1-0: Foul Ball, location: 2F
1-1: Ball
2-1: SINGLE (Groundball, 6MD, EV 96.2 MPH)
Derek Kelly scores
Batting: LHB Rick Kirkham 0-0: Called Strike
0-1: Ball
1-1: Foul Ball, location: 2F
1-2: Fielders Choice at 2nd, 3-6 (Groundball, 3, EV 81.9 MPH)
Batting: LHB Luis Benítez 0-0: Ball
1-0: Ball
2-0: Ball
3-0: Base on Balls
Rick Kirkham to second
Batting: RHB Slavik Akentiev 0-0: Ball
1-0: Ball
2-0: Ball
3-0: Base on Balls
Rick Kirkham to third
Luis Benítez to second
Batting: RHB John Siddall 0-0: TRIPLE (Flyball, 78XD, EV 92.5 MPH)
Rick Kirkham scores
Luis Benítez scores
Slavik Akentiev scores
Batting: RHB Hisashi Koumura 0-0: Fly out, F9 (Line Drive, 89M, EV 93.1 MPH)
Bottom of the 1st over - 4 runs, 3 hits, 0 errors, 1 left on base; Crescent City 0 - Westwood 4
TOP OF THE 2ND
Crescent City Krewe batting - Pitching for Westwood Sixshooters : RHP Rio Dring
Batting: LHB Reggie Gommers 0-0: Ball
1-0: Foul Ball, location: 2F
1-1: Ground out 1-3 (Groundball, 13, EV 81.2 MPH)
Batting: RHB John Birges 0-0: Ball
1-0: Ball
2-0: Ball
3-0: Base on Balls
Batting: RHB Dusty Hunt 0-0: SINGLE (Groundball, 6, EV 103.8 MPH) (infield hit)
John Birges to second
Batting: RHB Albert Seals 0-0: Ball
1-0: Swinging Strike
1-1: Swinging Strike
1-2: Fly out, F7 (Line Drive, 7D, EV 88.8 MPH)
Batting: RHB Vitorio Flores 0-0: Ball
1-0: Ground out 5-3 (Groundball, 56S, EV 86.2 MPH)
Top of the 2nd over - 0 runs, 1 hit, 0 errors, 2 left on base; Crescent City 0 - Westwood 4
BOTTOM OF THE 2ND
Westwood Sixshooters batting - Pitching for Crescent City Krewe : RHP Manny Pinto
Batting: RHB Patrick Rivera 0-0: Ball
1-0: Fly out, F7 (Flyball, 7LS, EV 91.2 MPH)
Batting: LHB Derek Kelly 0-0: Swinging Strike
0-1: Foul Ball, location: 2F
0-2: Ball
1-2: Ground out 5-3 (Groundball, 5, EV 105.6 MPH)
Batting: SHB William Anderson 0-0: Called Strike
0-1: Ball
1-1: Swinging Strike
1-2: Ball
2-2: Ball
3-2: Foul Ball, location: 2F
3-2: Base on Balls
Batting: RHB Illarion Podmarkov 0-0: Ball
1-0: Ball
2-0: Fly out, F7 (Flyball, 7S, EV 89.4 MPH)
Bottom of the 2nd over - 0 runs, 0 hits, 0 errors, 1 left on base; Crescent City 0 - Westwood 4
TOP OF THE 3RD
Crescent City Krewe batting - Pitching for Westwood Sixshooters : RHP Rio Dring
Batting: RHB Hal Phillips 0-0: Fly out, F8 (Line Drive, 8LM, EV 95.6 MPH)
Batting: RHB Norbert Schalk 0-0: Called Strike
0-1: Foul Ball, location: 2F
0-2: Ball
1-2: Ball
2-2: Foul Ball, location: 2F
2-2: Strikes out swinging
Batting: LHB Dustin Damitz 0-0: Ball
1-0: Ball
2-0: Ball
3-0: Base on Balls
Batting: LHB José Soriano 0-0: Ball
1-0: Called Strike
1-1: Fly out, F8 (Line Drive, 8RM, EV 83.8 MPH)
Top of the 3rd over - 0 runs, 0 hits, 0 errors, 1 left on base; Crescent City 0 - Westwood 4
BOTTOM OF THE 3RD
Westwood Sixshooters batting - Pitching for Crescent City Krewe : RHP Manny Pinto
Batting: LHB Rick Kirkham 0-0: Ball
1-0: SOLO HOME RUN (Line Drive, 89XD, EV 108.1 MPH), Distance : 429 ft
Batting: LHB Luis Benítez 0-0: Foul Ball, location: 2F
0-1: SINGLE (Groundball, 34D, EV 99.4 MPH)
Batting: RHB Slavik Akentiev 0-0: Foul Ball, location: 2F
0-1: Called Strike
0-2: Strikes out swinging
Batting: RHB John Siddall 0-0: Ball
1-0: Foul Ball, location: 2F
1-1: Swinging Strike
1-2: Strikes out swinging
Batting: RHB Hisashi Koumura 0-0: Ground out 4-3 (Groundball, 4, EV 106.9 MPH)
Bottom of the 3rd over - 1 run, 2 hits, 0 errors, 1 left on base; Crescent City 0 - Westwood 5
TOP OF THE 4TH
Crescent City Krewe batting - Pitching for Westwood Sixshooters : RHP Rio Dring
Batting: LHB Reggie Gommers 0-0: Called Strike
0-1: Ground out 4-3 (Groundball, 34, EV 104.4 MPH)
Batting: RHB John Birges 0-0: Ball
1-0: Ground out 4-3 (Groundball, 4M, EV 104.4 MPH)
Batting: RHB Dusty Hunt 0-0: Called Strike
0-1: TRIPLE (Flyball, 78XD, EV 101.2 MPH)
Batting: RHB Albert Seals 0-0: Ball
1-0: Ball
2-0: Called Strike
2-1: Ball
3-1: Foul Ball, location: 2F
3-2: Foul Ball, location: 2F
3-2: Foul Ball, location: 2F
3-2: SINGLE (Flyball, 89M, EV 86.9 MPH)
Dusty Hunt scores
Batting: RHB Vitorio Flores 0-0: Fielders Choice at 2nd, U6 (Groundball, 6M, EV 82.5 MPH)
Top of the 4th over - 1 run, 2 hits, 0 errors, 1 left on base; Crescent City 1 - Westwood 5
BOTTOM OF THE 4TH
Westwood Sixshooters batting - Pitching for Crescent City Krewe : RHP Manny Pinto
Batting: RHB Patrick Rivera 0-0: Ball
1-0: Ball
2-0: Fly out, F9 (Flyball, 89M, EV 89.4 MPH)
Batting: LHB Derek Kelly 0-0: Ground out 4-3 (Groundball, 4, EV 86.9 MPH)
Batting: SHB William Anderson 0-0: Called Strike
0-1: SINGLE (Groundball, 4MD, EV 104.4 MPH)
Batting: RHB Illarion Podmarkov 0-0: Fly out, F5 (Line Drive, 5, EV 73.8 MPH)
Bottom of the 4th over - 0 runs, 1 hit, 0 errors, 1 left on base; Crescent City 1 - Westwood 5
TOP OF THE 5TH
Crescent City Krewe batting - Pitching for Westwood Sixshooters : RHP Rio Dring
Batting: RHB Hal Phillips 0-0: Foul Ball, location: 2F
0-1: Ball
1-1: Foul Ball, location: 2F
1-2: Ground out 5-3 (Groundball, 56, EV 87.5 MPH)
Batting: RHB Norbert Schalk 0-0: Ball
1-0: Ball
2-0: Called Strike
2-1: Foul Ball, location: 2F
2-2: Ball
3-2: Ground out 5-3 (Groundball, 56S, EV 94.4 MPH)
Batting: LHB Dustin Damitz 0-0: Ball
1-0: Called Strike
1-1: Ball
2-1: Foul Ball, location: 2F
2-2: Foul Ball, location: 2F
2-2: Ball
3-2: Fly out, F7 (Flyball, 78XD, EV 86.2 MPH)
Top of the 5th over - 0 runs, 0 hits, 0 errors, 0 left on base; Crescent City 1 - Westwood 5
BOTTOM OF THE 5TH
Westwood Sixshooters batting - Pitching for Crescent City Krewe : RHP Manny Pinto
Batting: LHB Rick Kirkham 0-0: Called Strike
0-1: Fly out, F2 (Popup, 2L, EV 92.5 MPH)
Batting: LHB Luis Benítez 0-0: DOUBLE (Flyball, 8LXD, EV 95.0 MPH)
Batting: RHB Slavik Akentiev 0-0: Called Strike
0-1: Foul Ball, location: 2F
0-2: Ground out 5-3 (Groundball, 5, EV 95.6 MPH)
Pitching: RHP Lee Tucker
Batting: RHB John Siddall 0-0: Called Strike
0-1: Ground out 4-3 (Groundball, 4, EV 91.9 MPH)
Bottom of the 5th over - 0 runs, 1 hit, 0 errors, 1 left on base; Crescent City 1 - Westwood 5
TOP OF THE 6TH
Crescent City Krewe batting - Pitching for Westwood Sixshooters : RHP Rio Dring
Batting: LHB José Soriano 0-0: Ball
1-0: Ground out 6-3 (Groundball, 4MS, EV 89.4 MPH)
Batting: LHB Reggie Gommers 0-0: Ball
1-0: SINGLE (Line Drive, 5D, EV 97.5 MPH)
Batting: RHB John Birges 0-0: Fly out, F7 (Flyball, 7S, EV 86.2 MPH)
Batting: RHB Dusty Hunt 0-0: Ball
1-0: Fielders Choice at 2nd, 6-4 (Groundball, 6, EV 86.2 MPH)
Top of the 6th over - 0 runs, 1 hit, 0 errors, 1 left on base; Crescent City 1 - Westwood 5
BOTTOM OF THE 6TH
Westwood Sixshooters batting - Pitching for Crescent City Krewe : RHP Lee Tucker
Batting: RHB Hisashi Koumura 0-0: Ball
1-0: Called Strike
1-1: Ball
2-1: Ground out 6-3 (Groundball, 56, EV 82.5 MPH)
Batting: RHB Patrick Rivera 0-0: Called Strike
0-1: Ball
1-1: Foul Ball, location: 2F
1-2: Foul Ball, location: 2F
1-2: Foul Ball, location: 2F
1-2: Foul Ball, location: 2F
1-2: Ball
2-2: Foul Ball, location: 2F
2-2: Ball
3-2: Foul Ball, location: 2F
3-2: Foul Ball, location: 2F
3-2: Ground out U3 (Groundball, 34, EV 103.8 MPH)
Batting: LHB Derek Kelly 0-0: Called Strike
0-1: Called Strike
0-2: Ball
1-2: Ball
2-2: Foul Ball, location: 2F
2-2: Ball
3-2: SINGLE (Line Drive, 34D, EV 108.1 MPH)
Batting: SHB William Anderson 0-0: Called Strike
0-1: Ball
1-1: Ball
2-1: Foul Ball, location: 2F
2-2: Ball
3-2: SINGLE (Flyball, 9LS, EV 91.9 MPH)
Derek Kelly to second
Derek Kelly to third
Batting: RHB Illarion Podmarkov 0-0: Called Strike
0-1: Ball
1-1: Ball
2-1: Fielders Choice at 2nd, 6-4 (Groundball, 6, EV 83.1 MPH)
Bottom of the 6th over - 0 runs, 2 hits, 0 errors, 2 left on base; Crescent City 1 - Westwood 5
TOP OF THE 7TH
Crescent City Krewe batting - Pitching for Westwood Sixshooters : RHP Rio Dring
Batting: RHB Albert Seals 0-0: Ball
1-0: Ball
2-0: Foul Ball, location: 2F
2-1: Ball
3-1: Base on Balls
Batting: RHB Vitorio Flores 0-0: Called Strike
0-1: Foul Ball, location: 2F
0-2: Ball
1-2: Strikes out swinging
Pitching: RHP Júlio Rosales
Batting: RHB Hal Phillips 0-0: Ball
1-0: Ball
2-0: Called Strike
2-1: Ball
3-1: Fielders Choice at 2nd, 3-6 (Groundball, 34S, EV 88.1 MPH)
Batting: RHB Norbert Schalk 0-0: Called Strike
0-1: Ball
1-1: Ball
2-1: Foul Ball, location: 2F
2-2: Foul Ball, location: 2F
2-2: Foul Ball, location: 2F
2-2: Fly out, F7 (Flyball, 7S, EV 81.2 MPH)
Top of the 7th over - 0 runs, 0 hits, 0 errors, 1 left on base; Crescent City 1 - Westwood 5
BOTTOM OF THE 7TH
Westwood Sixshooters batting - Pitching for Crescent City Krewe : RHP Lee Tucker
Batting: LHB Rick Kirkham 0-0: Ball
1-0: Ground out 3-1 (Groundball, 34, EV 105.6 MPH)
Batting: LHB Luis Benítez 0-0: Called Strike
0-1: Ball
1-1: Foul Ball, location: 2F
1-2: Ball
2-2: Fly out, F9 (Line Drive, 9D, EV 93.1 MPH)
Batting: RHB Slavik Akentiev 0-0: Swinging Strike
0-1: Foul Ball, location: 2F
0-2: Foul Ball, location: 2F
0-2: Strikes out swinging
Bottom of the 7th over - 0 runs, 0 hits, 0 errors, 0 left on base; Crescent City 1 - Westwood 5
TOP OF THE 8TH
Crescent City Krewe batting - Pitching for Westwood Sixshooters : RHP Júlio Rosales
Batting: LHB Dustin Damitz 0-0: Called Strike
0-1: Ball
1-1: Foul Ball, location: 2F
1-2: SOLO HOME RUN (Flyball, 89XD, EV 92.5 MPH), Distance : 403 ft
Batting: LHB José Soriano 0-0: Ball
1-0: Ball
2-0: Called Strike
2-1: Ball
3-1: Fly out, F7 (Flyball, 78M, EV 78.8 MPH)
Batting: LHB Reggie Gommers 0-0: Foul Ball, location: 2F
0-1: Ball
1-1: Foul Ball, location: 2F
1-2: Fly out, F7 (Flyball, 7, EV 86.9 MPH)
Batting: RHB John Birges 0-0: Ball
1-0: Ball
2-0: Called Strike
2-1: Called Strike
2-2: Fly out, F9 (Flyball, 89M, EV 93.1 MPH)
Top of the 8th over - 1 run, 1 hit, 0 errors, 0 left on base; Crescent City 2 - Westwood 5
BOTTOM OF THE 8TH
Westwood Sixshooters batting - Pitching for Crescent City Krewe : RHP Lee Tucker
Batting: RHB John Siddall 0-0: Ball
1-0: Fly out, F5 (Popup, 5SF, EV 85.0 MPH)
Batting: RHB Hisashi Koumura 0-0: Ball
1-0: Hit by Pitch
Pitching: RHP Wan-fu Quan
Batting: RHB Patrick Rivera 0-0: Ball
Hisashi Koumura steals 2nd base
1-0: Swinging Strike
1-1: Swinging Strike
1-2: Ball
2-2: Ball
3-2: Foul Ball, location: 2F
3-2: Foul Ball, location: 2F
3-2: Strikes out swinging
Batting: LHB Derek Kelly 0-0: Ball
1-0: Ground out 1-3 (Groundball, 13S, EV 70.6 MPH)
Bottom of the 8th over - 0 runs, 0 hits, 0 errors, 1 left on base; Crescent City 2 - Westwood 5
TOP OF THE 9TH
Crescent City Krewe batting - Pitching for Westwood Sixshooters : RHP Júlio Rosales
Pitching: RHP Manny Rodríguez
Batting: RHB Dusty Hunt 0-0: DOUBLE (Line Drive, 3D, EV 103.1 MPH)
Batting: RHB Albert Seals 0-0: Foul Ball, location: 2F
0-1: Fly out, F8 (Flyball, 8LM, EV 84.4 MPH)
Batting: RHB Vitorio Flores 0-0: Called Strike
0-1: SINGLE (Groundball, 6MD, EV 108.8 MPH)
Dusty Hunt to third
Pinch Hitting: LHB Dave Summers 0-0: Ball
1-0: Ball
2-0: Ball
3-0: Called Strike
3-1: Called Strike
3-2: Base on Balls
Vitorio Flores to second
Batting: RHB Norbert Schalk 0-0: SINGLE (Line Drive, 56, EV 96.9 MPH)
Dusty Hunt scores
Vitorio Flores to third
Dave Summers to second
Batting: LHB Dustin Damitz 0-0: Called Strike
0-1: Ball
1-1: Called Strike
1-2: Ball
2-2: Strikes out looking
Batting: LHB José Soriano 0-0: Swinging Strike
0-1: Ball
1-1: Ground out 2-3 (Groundball, 13S, EV 64.4 MPH)
Top of the 9th over - 1 run, 3 hits, 0 errors, 3 left on base; Crescent City 3 - Westwood 5
Friday, March 26th, 2021 - OOTP Baseball 20.8 Build 74